 Dungeon Crawl Stone Soup version 0.30-a0-160-gcfceee88d3 (webtiles) character file.

Game seed: 7120325603524857738

1479 qw the Cleaver (level 8, -4/51 HPs)
             Began as a Gargoyle Fighter on Sept 27, 2022.
             Was an Initiate of Okawaru.
             Slain by a wight
             ... wielding a +0 battleaxe
              (7 damage)
             ... on level 6 of the Dungeon.
             The game lasted 00:02:15 (6062 turns).

qw the Cleaver (Gargoyle Fighter)                   Turns: 6062, Time: 00:02:15

Health: -4/51      AC: 16    Str: 23    XL:     8   Next: 79%
Magic:  8/8        EV:  8    Int:  8    God:    Okawaru [......]
Gold:   286        SH:  4    Dex:  9    Spells: 7/7 levels left

rFire   . . .      SeeInvis .    Y - +2 war axe
rCold   . . .      Faith    .    c - +0 buckler
rNeg    + + .      Spirit   .    o - +0 chain mail
rPois   inf        Reflect  .    l - +0 helmet
rElec   +          Harm     .    (no cloak)
rCorr   .          Rampage  .    (no gloves)
Will    +....                    (no boots)
Stlth   ..........               a - amulet of regeneration
HPRegen 0.97/turn                e - ring of positive energy
MPRegen 0.11/turn                s - ring of willpower

@: no status effects
A: sickness immunity, AC +5, negative energy resistance 1, electricity
resistance, torment resistance 1, petrification resistance
a: Renounce Religion


You were on level 6 of the Dungeon.
You worshipped Okawaru.
Okawaru was noncommittal.
You visited 2 branches of the dungeon, and saw 7 of its levels.

You collected 286 gold pieces.


Innate Abilities, Weirdness & Mutations

You are immune to sickness and miasma.
Your stone body is resilient. (AC +5)
You are immune to poison.
You resist negative energy. (rN+)
You are resistant to electric shocks. (rElec)
You are resistant to unholy torment.
You are immune to petrification.


   Skills:
 - Level 6.0 Fighting
 + Level 8.0 Axes
 - Level 1.6 Throwing
 - Level 4.2 Armour
 - Level 2.1 Dodging
 - Level 3.2 Shields


You had 7 spell levels left.
You didn't know any spells.
Your spell library was empty.

Inventory:

Hand Weapons
 r - a +0 morningstar
 Y - a +2 war axe (weapon)
Armour
 c - a +0 buckler (worn)
 l - a +0 helmet (worn)
 o - a +0 chain mail (worn)
Jewellery
 a - an amulet of regeneration (around neck)
 e - a ring of positive energy (left hand)
 s - a ring of willpower (right hand)
Scrolls
 i - 2 scrolls of identify
Potions
 d - 2 potions of might
 f - a potion of resistance
 j - a potion of cancellation
 n - a potion of attraction
 p - a potion of haste
 q - a potion of curing
 t - a potion of lignification

Dungeon Overview and Level Annotations

Branches:
Dungeon (6/15)             Temple (1/1) D:6

Altars:
Ashenzari
Cheibriados
Dithmenos
Elyvilon
Fedhas
Gozag
Hepliaklqana
Kikubaaqudgha
Makhleb
Nemelex Xobeh
Okawaru
Qazlal
Ru
Trog
Uskayaw
Vehumet
Wu Jian
Xom
Yredelemnul
Zin
The Shining One

Shops:
D:4 (


Message History

There is a stone staircase leading down here.
As you open the door, it creaks loudly! 4 wights come into view.
You hit the wight.
The wight is lightly damaged.
The wight barely misses you.
A wight comes into view. It is wielding a +0 battleaxe.
You slash the wight!
The wight is heavily damaged.
The wight completely misses you.
You barely miss the wight.
The wight is heavily damaged.
You barely miss the wight. The wight barely misses you.
The wight hits you but does no damage. The wight barely misses you.
You closely miss the wight.
The wight is heavily damaged.
You completely miss the wight. The wight hits you with a +3 scimitar!
The wight hits you from afar with a +3 halberd.
You closely miss the wight.
The wight is heavily damaged.
You hit the wight. You hit the wight but do no damage.
The wight hits you from afar with a +3 halberd!
The wight hits you with a +3 scimitar. The wight closely misses you.
The wight hits you but does no damage.
You barely miss the wight.
The wight is heavily damaged.
You hit the wight. You hit the wight but do no damage.
You block the wight's attack. The wight hits you with a +3 scimitar.
The wight barely misses you. x2; The wight hits you with a +3 mace!
The wight barely misses you. The wight hits you with a +0 battleaxe!
The wight hits you from afar with a +3 halberd.
You hit the wight.
The wight is almost destroyed.
You slash the wight! You barely miss the wight. The wight barely misses you.
The wight hits you from afar with a +3 halberd.
The wight hits you but does no damage. The wight hits you with a +0 battleaxe!
You die... ............# ............##.......## .............#........ ...#...#.....#....... ...#.}.#....##...... .###...###..# ..... ............# zz.

..}..>..}...####z#####
............#>.z@z...+
.###...###..'........#
. #.}.#....##.......#
#...#....##.......#
...^......######+###
#.....#....
#+#####.... #....
#...##


You could see 5 wights.

Vanquished Creatures
  A black bear (D:5)
  An orc warrior (D:5)
  An ice beast (D:5)
  A sky beast (D:6)
  3 phantoms
  A gnoll sergeant (D:5)
  A necrophage (D:4)
  3 scorpions (D:5)
  4 hounds (D:5)
  2 jellies
  3 orc priests
  2 orc wizards
  An iguana (D:5)
  5 gnolls (D:5)
  7 adders
  A white imp (D:6)
  An ufetubus (D:5)
  A worm (D:3)
  2 dart slugs
  16 orcs
  9 endoplasms
  6 giant cockroaches
  12 goblins
  7 hobgoblins
  4 jackals (D:4)
  A quokka (D:3)
  5 ball pythons
  4 bats
  A frilled lizard (D:1)
  8 kobolds
  4 rats
118 creatures vanquished.

Notes
Turn   | Place    | Note
-------+----------+-------------------------------------------
     0 | D:1      | qw the Gargoyle Fighter began the quest for the Orb.
     0 | D:1      | Reached XP level 1. HP: 14/14 MP: 1/1
     0 | D:1      | 0 ||| qw: Version: 0.2-a-10-g37ed214
     0 | D:1      | 0 ||| qw: Game counter: 609
     0 | D:1      | 0 ||| qw: Always use a shield: true
     0 | D:1      | 0 ||| qw: God list: Okawaru
     0 | D:1      | 0 ||| qw: Allow faded altars: false
     0 | D:1      | 0 ||| qw: Do Orc after D:15 true
     0 | D:1      | 0 ||| qw: Do second Lair branch before Depths: true
     0 | D:1      | 0 ||| qw: Lair rune preference: random
     0 | D:1      | 0 ||| qw: Plans: Normal, Zot:1-4, God:TSO, Crypt, Tomb,
                  | Pan, Slime:5, Hells, Abyss, Orb
     0 | D:1      | 0 ||| PLANNING D:1-11
   216 | D:1      | Reached skill level 2 in Axes
   296 | D:1      | 296 ||| Stepping ~*~*~tactically~*~*~ (stealth).
   299 | D:1      | Reached XP level 2. HP: 17/19 MP: 2/2
   305 | D:1      | 305 ||| Stepping ~*~*~tactically~*~*~ (stealth).
   399 | D:1      | 399 ||| Stepping ~*~*~tactically~*~*~ (stealth).
   401 | D:1      | 401 ||| Stepping ~*~*~tactically~*~*~ (stealth).
   467 | D:1      | 467 ||| Stepping ~*~*~tactically~*~*~ (stealth).
   468 | D:1      | 468 ||| Stepping ~*~*~tactically~*~*~ (stealth).
   477 | D:1      | Reached skill level 3 in Axes
   589 | D:1      | Found a faded altar of an unknown god.
   659 | D:1      | Reached XP level 3. HP: 23/23 MP: 3/3
   696 | D:1      | 696 ||| DROPPING +0 mace.
  1053 | D:1      | 1053 ||| UPGRADING to +0 helmet.
  1058 | D:1      | 1058 ||| UPGRADING to amulet of guardian spirit.
  1063 | D:1      | 1063 ||| READING 2 scrolls labelled XAS TIUHAEWN.
  1064 | D:1      | 1064 ||| READING scroll labelled TALAME YFAITAREA.
  1065 | D:1      | 1065 ||| READING 2 scrolls labelled CIES OTAKACK.
  1066 | D:1      | 1066 ||| DRINKING 2 fizzy red potions.
  1067 | D:1      | 1067 ||| DROPPING scroll of poison.
  1249 | D:2      | 1249 ||| Stepping ~*~*~tactically~*~*~ (stealth).
  1255 | D:2      | 1255 ||| Stepping ~*~*~tactically~*~*~ (stealth).
  1556 | D:2      | 1556 ||| Stepping ~*~*~tactically~*~*~ (stealth).
  1572 | D:2      | Reached XP level 4. HP: 26/28 MP: 4/4
  1917 | D:2      | 1917 ||| UPGRADING to +0 chain mail.
  1927 | D:2      | 1927 ||| DROPPING +0 scale mail.
  1928 | D:2      | 1928 ||| DROPPING ring of wizardry.
  1929 | D:2      | 1929 ||| READING scroll labelled CUSIEM MENOSEI.
  1934 | D:2      | 1934 ||| READING scroll labelled VIOT ZEFIDUNOE.
  1935 | D:2      | 1935 ||| READING 2 scrolls of identify.
  1935 | D:2      | 1935 ||| IDENTIFYING murky cyan potion
  2084 | D:3      | Reached skill level 4 in Axes
  2224 | D:3      | HP: 7/28 [orc/+2 flail of protection (1)]
  2225 | D:3      | Reached XP level 5. HP: 8/32 MP: 0/5
  2225 | D:3      | HP: 3/32 [goblin/+0 club (1)]
  2226 | D:3      | HP: 1/32 [orc/+2 flail of protection (3)]
  2513 | D:3      | 2513 ||| Stepping ~*~*~tactically~*~*~ (stealth).
  2514 | D:3      | 2514 ||| Stepping ~*~*~tactically~*~*~ (stealth).
  2539 | D:3      | 2539 ||| DROPPING +0 whip of freezing.
  2556 | D:3      | 2556 ||| Stepping ~*~*~tactically~*~*~ (stealth).
  2567 | D:3      | Reached skill level 5 in Axes
  2851 | D:3      | 2851 ||| UPGRADING to ring of positive energy.
  2852 | D:3      | 2852 ||| DRINKING 3 blue potions.
  2853 | D:3      | 2853 ||| DRINKING 2 sapphire potions.
  2854 | D:3      | 2854 ||| READING 2 scrolls of identify.
  2854 | D:3      | 2854 ||| IDENTIFYING red potion
  2855 | D:3      | 2855 ||| DROPPING potion of brilliance.
  2856 | D:3      | 2856 ||| DROPPING 2 potions of magic.
  3157 | D:4      | Reached XP level 6. HP: 36/39 MP: 6/6
  3392 | D:4      | Found Fuereixko's Weapon Shop.
  3402 | D:4      | 3402 ||| SHOPLISTING +2 morningstar of holy wrath (211
                  | gold, have 201).
  3414 | D:4      | Identified the +4 rapier of the Depths {flame, rElec Dex+4}
  3415 | D:4      | 3415 ||| Stepping ~*~*~tactically~*~*~ (stealth).
  3421 | D:4      | 3421 ||| Stepping ~*~*~tactically~*~*~ (stealth).
  3422 | D:4      | 3422 ||| Stepping ~*~*~tactically~*~*~ (stealth).
  3439 | D:4      | 3439 ||| DROPPING +6 ring of intelligence.
  3440 | D:4      | 3440 ||| UPGRADING to ring of willpower.
  3441 | D:4      | 3441 ||| READING scroll labelled TAEHEA JEOCS.
  3442 | D:4      | 3442 ||| READING scroll labelled MIUX SABEHO.
  3443 | D:4      | 3443 ||| DRINKING 2 cyan potions.
  3444 | D:4      | 3444 ||| READING 2 scrolls of identify.
  3444 | D:4      | 3444 ||| IDENTIFYING silvery potion
  3445 | D:4      | 3445 ||| DROPPING potion of degeneration.
  3450 | D:5      | Entered Level 5 of the Dungeon
  3619 | D:5      | HP: 9/39 [gnoll/+0 halberd[a gnoll sergeant] (3)]
  3620 | D:5      | 3620 ||| READING scroll of teleportation.
  3621 | D:5      | 3621 ||| DRINKING potion of heal wounds.
  3624 | D:5      | 3624 ||| FLEEEEING.
  3625 | D:5      | 3625 ||| FLEEEEING.
  3626 | D:5      | 3626 ||| FLEEEEING.
  3627 | D:5      | 3627 ||| FLEEEEING.
  3628 | D:5      | 3628 ||| FLEEEEING.
  3629 | D:5      | 3629 ||| FLEEEEING.
  3630 | D:5      | 3630 ||| FLEEEEING.
  3631 | D:5      | 3631 ||| FLEEEEING.
  3632 | D:5      | 3632 ||| FLEEEEING.
  3633 | D:5      | 3633 ||| FLEEEEING.
  3634 | D:5      | 3634 ||| FLEEEEING.
  3635 | D:5      | 3635 ||| FLEEEEING.
  3636 | D:5      | 3636 ||| FLEEEEING.
  3637 | D:5      | 3637 ||| FLEEEEING.
  3639 | D:5      | 3639 ||| FLEEEEING.
  3640 | D:5      | 3640 ||| FLEEEEING.
  3641 | D:5      | 3641 ||| FLEEEEING.
  3642 | D:5      | 3642 ||| FLEEEEING.
  3643 | D:5      | 3643 ||| FLEEEEING.
  3644 | D:5      | 3644 ||| FLEEEEING.
  3645 | D:5      | 3645 ||| FLEEEEING.
  3646 | D:5      | 3646 ||| FLEEEEING.
  3648 | D:5      | 3648 ||| FLEEEEING.
  3649 | D:5      | 3649 ||| FLEEEEING.
  3650 | D:5      | 3650 ||| FLEEEEING.
  3651 | D:5      | 3651 ||| FLEEEEING.
  3653 | D:5      | 3653 ||| FLEEEEING.
  3654 | D:5      | 3654 ||| FLEEEEING.
  3656 | D:5      | 3656 ||| STAIRDANCE
  3783 | D:4      | 3783 ||| READING scroll labelled QAMULLOLUSK.
  3784 | D:4      | 3784 ||| DRINKING 2 orange potions.
  3836 | D:5      | 3836 ||| Stepping ~*~*~tactically~*~*~ (stealth).
  3899 | D:5      | Noticed an ice beast
  3909 | D:5      | Killed an ice beast
  3910 | D:5      | Reached skill level 6 in Axes
  3910 | D:5      | Reached XP level 7. HP: 35/44 MP: 5/7
  4123 | D:5      | HP: 11/44 [orc warrior/+0 dire flail (8)]
  4461 | D:5      | Reached skill level 7 in Axes
  4501 | D:5      | Reached XP level 8. HP: 45/49 MP: 5/8
  4531 | D:5      | 4531 ||| READING scroll of enchant weapon.
  4531 | D:5      | 4531 ||| ENCHANTING +1 war axe.
  4570 | D:5      | 4570 ||| Stepping ~*~*~tactically~*~*~ (stealth).
  4658 | D:5      | 4658 ||| DROPPING +2 flail of protection.
  4705 | D:5      | Reached skill level 1 in Throwing
  4790 | D:5      | 4790 ||| Stepping ~*~*~tactically~*~*~ (stealth).
  4792 | D:5      | 4792 ||| Stepping ~*~*~tactically~*~*~ (stealth).
  4794 | D:5      | 4794 ||| Stepping ~*~*~tactically~*~*~ (hiding).
  4809 | D:5      | HP: 11/49 [gnoll sergeant/+0 falchion (7)]
  4810 | D:5      | 4810 ||| READING scroll of teleportation.
  5288 | D:5      | Reached skill level 8 in Axes
  5412 | D:5      | 5412 ||| DRINKING 2 fizzy pink potions.
  5436 | D:5      | 5436 ||| READING 3 scrolls of identify.
  5436 | D:5      | 5436 ||| IDENTIFYING glowing cyan potion
  5437 | D:5      | 5437 ||| READING 2 scrolls of identify.
  5437 | D:5      | 5437 ||| IDENTIFYING smoky green potion
  5438 | D:5      | 5438 ||| DROPPING potion of flight.
  5472 | D:6      | 5472 ||| STAIRDANCE
  5609 | D:6      | Reached skill level 6 in Fighting
  5733 | D:6      | Found a staircase to the Ecumenical Temple.
  5734 | D:6      | 5734 ||| PLANNING TEMPLE
  5740 | Temple   | Entered the Ecumenical Temple
  5892 | Temple   | 5892 ||| PLANNING OKAWARU WORSHIP
  6001 | Temple   | Became a worshipper of Warmaster Okawaru
  6002 | Temple   | 6002 ||| PLANNING D:1-11
  6002 | Temple   | 6002 ||| REMOVING amulet of guardian spirit.
  6007 | Temple   | 6007 ||| UPGRADING to amulet of regeneration.
  6012 | Temple   | 6012 ||| DROPPING amulet of guardian spirit.
  6061 | D:6      | HP: 6/51 [wight/+0 battleaxe (11)]
  6062 | D:6      | Slain by a wight

Levels and vault maps discovered:
D:1:      matt_arrival_los_fun, layout_basic, shapermc_ecumenical_altar_ellora,
          minmay_octomino_c4
D:2:      layout_basic, nicolae_eternal_life
D:3:      layout_rooms
D:4:      layout_basic, serial_shops, shop, small_statue_intersection
D:5:      minmay_bubble_buster, layout_basic, kennysheep_cross_room,
          lightli_minifort
D:6:      layout_gridville, minmay_temple_entry_junction_2
Temple:   mainiacjoe_temple_hex_bubbles

Skill      XL: |  1  2  3  4  5  6  7  8 |
---------------+-------------------------+-----
Axes           | 2 3 4 5 6 7 8 |  8.0
Fighting       | 4 5 6 |  6.0
Dodging        | 2 |  2.1
Throwing       | 1 |  1.6
Armour         | 4 |  4.2
Shields        | |  3.2

Action                   |  1- 3 |  4- 6 |  7- 9 || total
-------------------------+-------+-------+-------++-------
Melee: War axe           |   146 |   137 |   131 ||   414
Throw: Boomerang         |       |       |    14 ||    14
  Use: Scroll            |     3 |     9 |     4 ||    16
       Potion            |     1 |     5 |     1 ||     7
Armor: Scale mail        |    83 |     3 |       ||    86
       Chain mail        |       |    83 |    82 ||   165
Dodge: Dodged            |    65 |    51 |    55 ||   171
Block: Buckler           |    23 |    31 |    28 ||    82

Table legend:
 A = Non-vault XP
 B = Vault XP
 C = Vault XP percentage of total XP
 D = Non-vault monster count
 E = Vault monster count
 F = Vault count percentage of total count
                 A         B        C        D         E       F
            +---------+---------+-------+---------+---------+-------
      Total |    1447 |     666 |  31.5 |      96 |      22 |  18.6
            +---------+---------+-------+---------+---------+-------
        D:1 |      29 |      14 |  32.6 |      17 |       7 |  29.2
        D:2 |      46 |       0 |   0.0 |      16 |       0 |   0.0
        D:3 |     157 |       0 |   0.0 |      26 |       0 |   0.0
        D:4 |     124 |       0 |   0.0 |      15 |       0 |   0.0
        D:5 |     717 |     652 |  47.6 |      13 |      15 |  53.6
        D:6 |     374 |       0 |   0.0 |       9 |       0 |   0.0
            +---------+---------+-------+---------+---------+-------
